Map: Old Republic LE

Players

murk - Winner!

  • Race: Terran Terran
  • Spawn Location: 7:00

SCIInewby

  • Race: Zerg Zerg
  • League: Master
  • Spawn Location: 1:00

VOD

Have the link to the VOD?

Description

Time

  • Played on: Feb. 11, 2026, 12:03 p.m.
  • Length: 8:08
Show
View Real Time Build Order
Export as new Build Order

murk Terran - Winner!

Build Orders: 1/1/1 

Get SALT Encoding   

  12  0:14  Supply Depot  
  12  0:18  Refinery  
  12  0:24  SCV  
  13  0:38  Barracks  
  13  0:41  SCV  
  14  0:58  SCV  
  15  1:10  SCV  
  16  1:25  Supply Depot  
  16  1:28  Factory, SCV  
  17  1:40  SCV, Refinery  
  18  1:58  SCV  
  19  2:10  SCV  
  20  2:16  Starport  
  20  2:18  Armory  
  20  2:22  SCV  
  21  2:34  SCV  
  22  2:46  SCV  
  23  2:55  Starport Tech Lab, Fusion Core  
  23  2:58  SCV  
  24  3:06  Terran Ship Weapons Level 1  
  24  3:27  Command Center  
  24  3:59  Battlecruiser  
  24  4:01  Orbital Command  
  30  4:33  Engineering Bay  
  30  4:56  SCV  
  31  5:00  Armory  
  31  5:01  Refinery  
  31  5:09  SCV  
  31  5:10  Battlecruiser  
  31  5:12  SCV  
  39  5:21  SCV  
  40  5:25  SCV  
  41  5:33  SCV  
  42  5:45  SCV  
  43  5:58  Planetary Fortress  
  43  6:18  Refinery  
  43  6:36  Hellion  
  43  6:39  Marine  
  46  6:49  Battlecruiser  
  46  6:51  SCV  
  46  6:53  Bunker  
  53  6:57  Marine  
  54  7:05  Supply Depot  
  54  7:26  Marine  
  54  7:27  SCV x2, Hellion, Supply Depot  
  59  7:39  SCV x2  
  65  7:51  SCV x2  
Show
View Real Time Build Order
Export as new Build Order

SCIInewby Zerg 

Build Orders: Hatch First 

Get SALT Encoding   

  12  0:01  Drone  
  13  0:08  Drone  
  14  0:16  Overlord  
  14  0:41  Hatchery  
  13  0:44  Drone  
  14  1:03  Spawning Pool, Drone  
  14  1:08  Extractor  
  14  1:10  Drone  
  14  1:14  Drone  
  15  1:18  Drone  
  16  1:26  Drone  
  17  1:37  Drone  
  18  1:51  Drone  
  18  1:53  Queen  
  21  1:58  Queen  
  23  2:03  Drone  
  23  2:07  Drone  
  25  2:13  Overlord  
  25  2:17  Drone  
  25  2:21  Drone  
  27  2:27  Overlord  
  27  2:32  Drone  
  28  2:41  Drone  
  28  2:42  Roach Warren  
  29  2:44  Drone  
  29  2:51  Extractor, Drone x2  
  28  2:54  Drone  
  31  3:03  Lair  
  31  3:13  Drone x2  
  31  3:15  Drone x2  
  35  3:21  Drone  
  36  3:28  Evolution Chamber, Drone  
  36  3:29  Drone  
  36  3:30  Evolution Chamber  
  36  3:39  Roach x2  
  40  3:42  Extractor  
  40  3:43  Extractor  
  40  3:44  Drone x2  
  40  3:47  Drone  
  41  3:51  Overlord  
  42  3:55  Drone  
  42  3:56  Drone  
  42  4:00  Zerg Missile Weapons Level 1  
  43  4:07  Zerg Ground Armor Level 1  
  43  4:09  Roach  
  45  4:12  Roach  
  45  4:16  Roach  
  49  4:18  Drone  
  50  4:26  Spire  
  49  4:32  Drone x3  
  52  5:01  Overlord x3  
  52  5:02  Overlord  
  52  5:09  Hatchery  
  45  5:22  Spore Crawler  
  41  5:30  Spore Crawler  
  41  5:34  Spore Crawler  
  36  5:35  Drone  
  36  5:36  Drone x7  
  36  5:37  Spore Crawler  
  36  5:39  Zergling x2  
  40  5:48  Drone x2  
  40  5:56  Zergling x4  
  39  6:02  Spore Crawler  
  33  6:07  Zergling x2  
  33  6:15  Mutalisk  
  35  6:21  Zergling x4  
  36  6:31  Drone x2  
  37  6:42  Zergling x6  
  36  6:56  Spore Crawler  
  36  6:58  Spore Crawler  
  33  7:06  Zergling x2, Spore Crawler  
  33  7:11  Drone  
  33  7:20  Drone  
  34  7:24  Spore Crawler  
  34  7:28  Zergling x2  
  33  7:38  Drone x2  
  27  8:01  Spawning Pool  
Tags
 
League
Master
Matchup
TvZ
Replay Pack
vannon
Spawn Locations
Cross Positions
Add a new tag
Caveats
  • Supply blocks, unpowered buildings, or Contaminate may cause inaccurate times.
  • Supply counts are checked every 10 seconds.